AoeStats
← STONE

Arabia

510019315Analyzed
1v1 RM · 2d ago on Sep 29, 2026· 29m 54s· 2 players
Game mode
Random Map
Map size
Tiny (2 player)
Population
200
Speed
Normal
Resources
Standard
Victory
Conquest
Starting age
Dark Age
Ending age
Imperial Age
RankedLock teamsTeams togetherTeam positionsShared explorationLock speedFull tech treeHidden civsTurbo modeCheats
Victory
Defeat
🇨🇳 Maya · China
853
+17
🇦🇷 Cumans · Argentina
874
-17
STONE
0:36 Loom
11:25 Feudal Age
21:56 Man-at-Arms
25:25 Fletching
vinualec
5:13 Loom
9:03 Feudal Age
10:25 Double-Bit Axe
24:38 Fletching
Connection lost

Rejoining the realm…

Still unreachable

The connection could not be restored.

Session expired

The server has moved on; the page needs a fresh start.